| TOP OF THE 1ST |
|
Denver Bears batting - Pitching for Indianapolis Indians : RHP Mike Cullen
|
|
Pitching: RHP Mike Cullen
|
|
|
Batting: LHB Dallas Williams
|
0-0: Ball 1-0: Swinging Strike 1-1: Ball 2-1: Ball 3-1: Foul Ball, location: 2F 3-2: Foul Ball, location: 2F 3-2: Ground out 4-3 (Groundball, 4S, EV 65.6 MPH)
|
|
Batting: RHB Adolfo Feliz
|
0-0: Ball 1-0: Called Strike 1-1: Ball 2-1: Ball 3-1: SINGLE (Line Drive, 9S, EV 104.4 MPH)
|
|
Batting: LHB Danny Heep
|
0-0: Called Strike 0-1: Called Strike Adolfo Feliz steals 2nd base 0-2: Ball 1-2: Ball 2-2: Strikes out swinging
|
|
Batting: RHB George A Bell
|
0-0: Called Strike 0-1: Foul Ball, location: 2F 0-2: Ball 1-2: Foul Ball, location: 7LSF, Error on foul ball, E7 1-2: 2-RUN HOME RUN (Flyball, 9LD, EV 107.5 MPH), Distance : 348 ft
|
|
Batting: LHB Tom Beyers
|
0-0: Ball 1-0: Ball 2-0: Ball 3-0: Called Strike 3-1: Base on Balls
|
|
Batting: RHB Juan Alvarez
|
0-0: Ball 1-0: Ball 2-0: Called Strike 2-1: Foul Ball, location: 2F 2-2: Strikes out looking
|
| Top of the 1st over - 2 runs, 2 hits, 1 error, 1 left on base; Denver 2 - Indianapolis 0 |
| BOTTOM OF THE 1ST |
|
Indianapolis Indians batting - Pitching for Denver Bears : RHP George Stablein
|
|
Pitching: RHP George Stablein
|
|
|
Batting: LHB Elias Nava
|
0-0: TRIPLE (Line Drive, 7D, EV 113.8 MPH)
|
|
Batting: SHB Julio Estrada
|
0-0: Fly out, F7 (Flyball, 7, EV 93.1 MPH) Runner from 3rd tags up, OUT at HOME! 7-2
|
|
Batting: LHB Scott Radloff
|
0-0: Ground out 6-3 (Groundball, 6, EV 86.9 MPH)
|
| Bottom of the 1st over - 0 runs, 1 hit, 0 errors, 0 left on base; Denver 2 - Indianapolis 0 |
| TOP OF THE 2ND |
|
Denver Bears batting - Pitching for Indianapolis Indians : RHP Mike Cullen
|
|
Batting: LHB Larry Donofrio
|
0-0: Ball 1-0: SINGLE (Flyball, 4D, EV 88.1 MPH)
|
|
Batting: RHB Raymond Borucki
|
0-0: Called Strike 0-1: Fly out, F4 (Flyball, 34D, EV 96.3 MPH)
|
|
Batting: RHB Gomez Barahona
|
0-0: Foul Ball, location: 2F 0-1: Fielders Choice at 2nd, 6-4 (Groundball, 6, EV 88.1 MPH)
|
|
Batting: LHB Dallas Williams
|
0-0: Ball 1-0: Called Strike 1-1: Ball 2-1: SINGLE (Line Drive, 89M, EV 104.4 MPH) Gomez Barahona to second Runner from 2nd tries for 3rd, SAFE, throw by CF made to third
|
|
Batting: RHB Adolfo Feliz
|
0-0: Ball 1-0: Swinging Strike 1-1: Ball 2-1: Swinging Strike 2-2: Ball 3-2: Base on Balls Dallas Williams to second
|
|
Batting: LHB Danny Heep
|
0-0: Foul Ball, location: 2F 0-1: Called Strike 0-2: Foul Ball, location: 2F 0-2: Strikes out swinging
|
| Top of the 2nd over - 0 runs, 2 hits, 0 errors, 3 left on base; Denver 2 - Indianapolis 0 |
| BOTTOM OF THE 2ND |
|
Indianapolis Indians batting - Pitching for Denver Bears : RHP George Stablein
|
|
Batting: RHB Luis Gonzalez
|
0-0: Ball 1-0: Ball 2-0: Called Strike 2-1: Fly out, F9 (Flyball, 9LM, EV 96.9 MPH)
|
|
Batting: RHB Pat Rooney
|
0-0: Ball 1-0: Foul Ball, location: 2F 1-1: Ground out 3-1 (Groundball, 13, EV 93.8 MPH)
|
|
Batting: LHB Roberto Ruiz
|
0-0: SINGLE (Groundball, 34S, EV 54.4 MPH) (infield hit)
|
|
Batting: RHB Bill Lindsey
|
0-0: Ball 1-0: Foul Ball, location: 2F 1-1: Ball 2-1: Foul Ball, location: 2F 2-2: 2-RUN HOME RUN (Flyball, 7LD, EV 100.6 MPH), Distance : 350 ft
|
|
Batting: LHB David Bertulli
|
0-0: Ball 1-0: Foul Ball, location: 2F 1-1: Ball 2-1: TRIPLE (Line Drive, 9D, EV 109.4 MPH)
|
|
Batting: RHB Robert Bonnette
|
0-0: Ball 1-0: Ball 2-0: Fly out, F8 (Flyball, 8RD, EV 83.8 MPH)
|
| Bottom of the 2nd over - 2 runs, 3 hits, 0 errors, 1 left on base; Denver 2 - Indianapolis 2 |
| TOP OF THE 3RD |
|
Denver Bears batting - Pitching for Indianapolis Indians : RHP Mike Cullen
|
|
Batting: RHB George A Bell
|
0-0: Called Strike 0-1: Swinging Strike 0-2: Ball 1-2: Ball 2-2: Strikes out swinging
|
|
Batting: LHB Tom Beyers
|
0-0: Ball 1-0: Foul Ball, location: 2F 1-1: Ground out 3-1 (Groundball, 34, EV 85.0 MPH)
|
|
Batting: RHB Juan Alvarez
|
0-0: Ground out 6-3 (Groundball, 6, EV 93.8 MPH)
|
| Top of the 3rd over - 0 runs, 0 hits, 0 errors, 0 left on base; Denver 2 - Indianapolis 2 |
| BOTTOM OF THE 3RD |
|
Indianapolis Indians batting - Pitching for Denver Bears : RHP George Stablein
|
|
Batting: LHB Elias Nava
|
0-0: Swinging Strike 0-1: Called Strike 0-2: Strikes out looking
|
|
Batting: SHB Julio Estrada
|
0-0: Ball 1-0: Ball 2-0: Foul Ball, location: 2F 2-1: Swinging Strike 2-2: Fly out, F9 (Flyball, 89D, EV 83.1 MPH)
|
|
Batting: LHB Scott Radloff
|
0-0: Called Strike 0-1: Ball 1-1: Foul Ball, location: 2F 1-2: Foul Ball, location: 2F 1-2: Ball 2-2: SOLO HOME RUN (Flyball, 7D, EV 105.6 MPH), Distance : 363 ft
|
|
Batting: RHB Luis Gonzalez
|
0-0: Ball 1-0: Ball 2-0: SOLO HOME RUN (Flyball, 7D, EV 105.0 MPH), Distance : 389 ft
|
|
Batting: RHB Pat Rooney
|
0-0: Swinging Strike 0-1: Ground out 6-3 (Groundball, 6, EV 96.9 MPH)
|
| Bottom of the 3rd over - 2 runs, 2 hits, 0 errors, 0 left on base; Denver 2 - Indianapolis 4 |
| TOP OF THE 4TH |
|
Denver Bears batting - Pitching for Indianapolis Indians : RHP Mike Cullen
|
|
Batting: LHB Larry Donofrio
|
0-0: Ball 1-0: Called Strike 1-1: Foul Ball, location: 2F 1-2: Foul Ball, location: 2F 1-2: Strikes out looking
|
|
Batting: RHB Raymond Borucki
|
0-0: Ball 1-0: Called Strike 1-1: Ball 2-1: Foul Ball, location: 2F 2-2: Foul Ball, location: 2F 2-2: Ground out 5-3 (Groundball, 25, EV 89.4 MPH)
|
|
Batting: RHB Gomez Barahona
|
0-0: Ball 1-0: Foul Ball, location: 2F 1-1: Swinging Strike 1-2: Foul Ball, location: 2F 1-2: Ball 2-2: Ball 3-2: Foul Ball, location: 2F 3-2: Base on Balls
|
|
Batting: LHB Dallas Williams
|
0-0: Ball Gomez Barahona steals 2nd base Balk! Gomez Barahona to third 1-0: Called Strike 1-1: SINGLE (Groundball, 3D, EV 99.4 MPH) Gomez Barahona scores
|
|
Batting: RHB Adolfo Feliz
|
0-0: Ball 1-0: Called Strike 1-1: Ball 2-1: Ball 3-1: Base on Balls Dallas Williams to second
|
|
Batting: LHB Danny Heep
|
0-0: Ball 1-0: 3-RUN HOME RUN (Flyball, 9LD, EV 93.8 MPH), Distance : 369 ft
|
|
Batting: RHB George A Bell
|
0-0: Ball 1-0: Ball 2-0: Called Strike 2-1: Ball 3-1: Ground out 5-3 (Groundball, 5, EV 98.8 MPH)
|
| Top of the 4th over - 4 runs, 2 hits, 0 errors, 0 left on base; Denver 6 - Indianapolis 4 |
| BOTTOM OF THE 4TH |
|
Indianapolis Indians batting - Pitching for Denver Bears : RHP George Stablein
|
|
Batting: LHB Roberto Ruiz
|
0-0: Ball 1-0: Ball 2-0: Called Strike 2-1: Called Strike 2-2: Ball 3-2: Ground out 5-3 (Groundball, 56S, EV 88.8 MPH)
|
|
Batting: RHB Bill Lindsey
|
0-0: Ball 1-0: Foul Ball, location: 2F 1-1: Foul Ball, location: 2F 1-2: Fly out, F8 (Flyball, 78M, EV 82.5 MPH)
|
|
Batting: LHB David Bertulli
|
0-0: Fly out, F4 (Line Drive, 4, EV 71.3 MPH)
|
| Bottom of the 4th over - 0 runs, 0 hits, 0 errors, 0 left on base; Denver 6 - Indianapolis 4 |
| TOP OF THE 5TH |
|
Denver Bears batting - Pitching for Indianapolis Indians : RHP Mike Cullen
|
|
Batting: LHB Tom Beyers
|
0-0: Ball 1-0: Fly out, F5 (Popup, 5F, EV 71.3 MPH)
|
|
Batting: RHB Juan Alvarez
|
0-0: Ball 1-0: Swinging Strike 1-1: Foul Ball, location: 2F 1-2: Strikes out swinging
|
|
Batting: LHB Larry Donofrio
|
0-0: Ball 1-0: Called Strike 1-1: Ball 2-1: SINGLE (Groundball, 6, EV 94.4 MPH)
|
|
Pitching: RHP Tom Layton
|
|
|
Batting: RHB Raymond Borucki
|
0-0: Ball 1-0: Ground out 1-3 (Groundball, P, EV 63.8 MPH)
|
| Top of the 5th over - 0 runs, 1 hit, 0 errors, 1 left on base; Denver 6 - Indianapolis 4 |
| BOTTOM OF THE 5TH |
|
Indianapolis Indians batting - Pitching for Denver Bears : RHP George Stablein
|
|
Batting: RHB Robert Bonnette
|
0-0: Swinging Strike 0-1: Ball 1-1: Ball 2-1: Swinging Strike 2-2: Foul Ball, location: 2F 2-2: Strikes out looking
|
|
Batting: LHB Elias Nava
|
0-0: Ball 1-0: Ball 2-0: Ball 3-0: Called Strike 3-1: Base on Balls
|
|
Batting: SHB Julio Estrada
|
0-0: Fly out, F7 (Flyball, 7, EV 93.8 MPH)
|
|
Batting: LHB Scott Radloff
|
0-0: Called Strike 0-1: Ball 1-1: Called Strike 1-2: Strikes out swinging
|
| Bottom of the 5th over - 0 runs, 0 hits, 0 errors, 1 left on base; Denver 6 - Indianapolis 4 |
| TOP OF THE 6TH |
|
Denver Bears batting - Pitching for Indianapolis Indians : RHP Tom Layton
|
|
Batting: RHB Gomez Barahona
|
0-0: Called Strike 0-1: Swinging Strike 0-2: Ball 1-2: Ground out 4-3 (Groundball, 4MD, EV 79.4 MPH)
|
|
Batting: LHB Dallas Williams
|
0-0: Called Strike 0-1: Ball 1-1: Ball 2-1: Ball 3-1: Called Strike 3-2: Fly out, F8 (Flyball, 78XD, EV 80.0 MPH)
|
|
Batting: RHB Adolfo Feliz
|
0-0: Ball 1-0: Fly out, F4 (Line Drive, 4, EV 68.1 MPH)
|
| Top of the 6th over - 0 runs, 0 hits, 0 errors, 0 left on base; Denver 6 - Indianapolis 4 |
| BOTTOM OF THE 6TH |
|
Indianapolis Indians batting - Pitching for Denver Bears : RHP George Stablein
|
|
Batting: RHB Luis Gonzalez
|
0-0: Foul Ball, location: 2F 0-1: Called Strike 0-2: Strikes out swinging
|
|
Batting: RHB Pat Rooney
|
0-0: Ball 1-0: Ball 2-0: Called Strike 2-1: Ground out 1-3 (Groundball, 25, EV 70.0 MPH)
|
|
Batting: LHB Roberto Ruiz
|
0-0: Ball 1-0: Fly out, F8 (Flyball, 89D, EV 101.3 MPH)
|
| Bottom of the 6th over - 0 runs, 0 hits, 0 errors, 0 left on base; Denver 6 - Indianapolis 4 |
| TOP OF THE 7TH |
|
Denver Bears batting - Pitching for Indianapolis Indians : RHP Tom Layton
|
|
Batting: LHB Danny Heep
|
0-0: Called Strike 0-1: Ball 1-1: Foul Ball, location: 2F 1-2: Fly out, F9 (Flyball, 89XD, EV 93.1 MPH)
|
|
Batting: RHB George A Bell
|
0-0: Fly out, F4 (Flyball, 4D, EV 81.9 MPH)
|
|
Batting: LHB Tom Beyers
|
0-0: Ground out 6-3 (Groundball, 6M, EV 81.3 MPH)
|
| Top of the 7th over - 0 runs, 0 hits, 0 errors, 0 left on base; Denver 6 - Indianapolis 4 |
| BOTTOM OF THE 7TH |
|
Indianapolis Indians batting - Pitching for Denver Bears : RHP George Stablein
|
|
Batting: RHB Bill Lindsey
|
0-0: Ground out 6-3 (Groundball, 6, EV 81.3 MPH)
|
|
Batting: LHB David Bertulli
|
0-0: Fly out, F8 (Line Drive, 8RD, EV 107.5 MPH)
|
|
Batting: RHB Robert Bonnette
|
0-0: Ball 1-0: Foul Ball, location: 2F 1-1: Foul Ball, location: 2F 1-2: Fly out, F4 (Flyball, 4D, EV 90.0 MPH)
|
| Bottom of the 7th over - 0 runs, 0 hits, 0 errors, 0 left on base; Denver 6 - Indianapolis 4 |
| TOP OF THE 8TH |
|
Denver Bears batting - Pitching for Indianapolis Indians : RHP Tom Layton
|
|
Batting: RHB Juan Alvarez
|
0-0: Swinging Strike 0-1: Ball 1-1: Ball 2-1: Ball 3-1: Ground out 1-3 (Groundball, 15S, EV 68.1 MPH)
|
|
Batting: LHB Larry Donofrio
|
0-0: Called Strike 0-1: Ball 1-1: Ball 2-1: Ball 3-1: Foul Ball, location: 2F 3-2: Base on Balls
|
|
Batting: RHB Raymond Borucki
|
0-0: Ball 1-0: Grounds into double play, 4-6-3 (Groundball, 4, EV 85.6 MPH)
|
| Top of the 8th over - 0 runs, 0 hits, 0 errors, 0 left on base; Denver 6 - Indianapolis 4 |
| BOTTOM OF THE 8TH |
|
Indianapolis Indians batting - Pitching for Denver Bears : RHP George Stablein
|
|
Now at 1B: Frank Lucy
|
|
|
Batting: LHB Elias Nava
|
0-0: SINGLE (Line Drive, 7S, EV 93.1 MPH)
|
|
Batting: SHB Julio Estrada
|
0-0: Foul Ball, location: 2F 0-1: Ball 1-1: Ball 2-1: Called Strike 2-2: Strikes out swinging
|
|
Batting: LHB Scott Radloff
|
0-0: Called Strike 0-1: Ball 1-1: Foul Ball, location: 2F 1-2: Ball 2-2: Fly out, F7 (Flyball, 7, EV 86.9 MPH)
|
|
Batting: RHB Luis Gonzalez
|
0-0: Ball 1-0: Foul Ball, location: 2F 1-1: Ball 2-1: Foul Ball, location: 2F 2-2: Foul Ball, location: 2F 2-2: Ground out 6-3 (Groundball, 6M, EV 90.6 MPH)
|
| Bottom of the 8th over - 0 runs, 1 hit, 0 errors, 1 left on base; Denver 6 - Indianapolis 4 |
| TOP OF THE 9TH |
|
Denver Bears batting - Pitching for Indianapolis Indians : RHP Tom Layton
|
|
Batting: RHB Gomez Barahona
|
0-0: SINGLE (Flyball, 56D, EV 93.1 MPH)
|
|
Batting: LHB Dallas Williams
|
0-0: Ball 1-0: Fly out, F8 (Flyball, 8RD, EV 92.5 MPH)
|
|
Batting: RHB Adolfo Feliz
|
0-0: Ball 1-0: Ball 2-0: Reached on error, E7 (Flyball, 78D, EV 86.3 MPH) Gomez Barahona to third
|
|
Batting: LHB Danny Heep
|
0-0: Ball 1-0: Swinging Strike 1-1: Fly out, F7 (Flyball, 78S, EV 81.9 MPH)
|
|
Batting: RHB George A Bell
|
0-0: Ball 1-0: Foul Ball, location: 2F 1-1: Swinging Strike 1-2: Ball 2-2: Ground out 2-3 (Groundball, 2L, EV 66.3 MPH)
|
| Top of the 9th over - 0 runs, 1 hit, 1 error, 2 left on base; Denver 6 - Indianapolis 4 |
| BOTTOM OF THE 9TH |
|
Indianapolis Indians batting - Pitching for Denver Bears : RHP George Stablein
|
|
Pitching: LHP Jake Zorbas
|
|
|
Batting: RHB Pat Rooney
|
0-0: Ball 1-0: Foul Ball, location: 2F 1-1: Ball 2-1: Ball 3-1: Called Strike 3-2: Strikes out swinging
|
|
Batting: LHB Roberto Ruiz
|
0-0: SINGLE (Line Drive, 5D, EV 99.4 MPH)
|
|
Batting: RHB Bill Lindsey
|
0-0: Ball 1-0: Called Strike 1-1: Ball 2-1: Ball 3-1: Base on Balls Roberto Ruiz to second
|
|
Pinch Hitting: SHB Bobby Ball
|
0-0: Called Strike 0-1: Foul Ball, location: 2F 0-2: Ball 1-2: Grounds into double play, 6-4-3 (Groundball, 6, EV 85.6 MPH)
|
| Bottom of the 9th over - 0 runs, 1 hit, 0 errors, 1 left on base; Denver 6 - Indianapolis 4 |
|